 Dungeon Crawl Stone Soup version 0.27.1-33-g824d729ab1 (webtiles) character file.

Game seed: 11989258413352358168

68 Karpo the Ogre Mage (level 4, 0/39 HPs)
             Began as an Ogre Venom Mage on Dec 31, 2021.
             Slain by a quokka (1 damage)
             ... on level 1 of the Dungeon.
             The game lasted 00:10:32 (2615 turns).

Karpo the Ogre Mage (Ogre Venom Mage)               Turns: 2615, Time: 00:10:33

Health: 0/39       AC:  3    Str: 12    XL:     4   Next: 19%
Magic:  6/9        EV:  9    Int: 17    God:
Gold:   17         SH:  0    Dex:  9    Spells: 4/10 levels left

rFire    . . .     SeeInvis .   i - +0 flail
rCold    . . .     Faith    .   (no shield)
rNeg     . . .     Spirit   .   a - +0 robe
rPois    .         Reflect  .   (helmet restricted)
rElec    .         Harm     .   (no cloak)
rCorr    .         Rampage  .   (gloves unavailable)
Will     .....                  (boots unavailable)
Stlth    +.........             (no amulet)
HPRegen  0.13/turn              (no ring)
MPRegen  0.11/turn              (no ring)

@: no status effects
A: large, unfitting armour, tough skin 1
a: no special abilities


You were on level 1 of the Dungeon.
You visited 1 branch of the dungeon, and saw 3 of its levels.

You collected 17 gold pieces.

Inventory:

Hand Weapons
 e - a +0 short sword
 i - a +0 flail (weapon)
Missiles
 c - 3 large rocks
Armour
 a - a +0 robe (worn)
Jewellery
 b - a +6 ring of intelligence
Scrolls
 d - 2 scrolls of identify {unknown}
 j - a scroll of fog {unknown}
Potions
 f - 2 potions of curing {unknown}
 g - a potion of resistance {unknown}
 h - a potion of attraction {unknown}


   Skills:
 - Level 1.7 Dodging
 - Level 1.4 Stealth
 + Level 3.8 Spellcasting
 - Level 0.8 Transmutations
 + Level 3.6 Poison Magic


You had 4 spell levels left.
You knew the following spells:

 Your Spells              Type           Power      Damage    Failure   Level
a - Sting                 Tmut/Pois      44%        1d5       6%          1
b - Poisonous Vapours     Pois/Air       18%        N/A       12%         2
c - Mephitic Cloud        Conj/Pois/Air  7%         N/A       28%         3

Your spell library contained the following spells:

 Spells                   Type           Power      Damage    Failure   Level
 Olgreb's Toxic Radiance  Pois           15%        N/A       34%         4


Dungeon Overview and Level Annotations

Branches:
Dungeon (3/15)

Altars:


Innate Abilities, Weirdness & Mutations

You are too large for most types of armour.
You have tough skin. (AC +1)


Message History

Casting: Mephitic Cloud (quite dangerous; 28% risk of failure)
Confirm with . or Enter, or press ? or * to list all spells.
The spell is quite dangerous to cast (28% risk of failure)!
Continue anyway?
Aiming: Mephitic Cloud (quite dangerous; 28% risk of failure)
Press: ? - help, Shift-Dir - straight line, f - endoplasm
Aim: an endoplasm (not susceptible) That beam is likely to hit you.
Continue anyway?
You miscast Mephitic Cloud.
Nothing appears to happen.
You feel sick. The adder bites you but does no damage.
The quokka bites you but does no damage.
You feel sick.
You feel sick.
The quokka bites you but does no damage.
The adder closely misses you.
You feel sick.
You feel sick.
You are no longer poisoned.
The adder bites you.
You are poisoned.
The adder poisons you!
You feel sick. The quokka bites you.
* * * LOW HITPOINT WARNING * * *
You feel sick.
You feel sick.
You feel sick. The adder bites you but does no damage.
You see here a +0 club.
You feel sick.
Your magical contamination has completely faded away.
You feel sick.
You are no longer poisoned.
The quokka barely misses you. The quokka bites you.
* * * LOW HITPOINT WARNING * * *
There is a stone staircase leading up here.
The quokka bites you.
* * * LOW HITPOINT WARNING * * *
You climb upwards.
There is a stone staircase leading down here.
You closely miss the quokka. The quokka bites you.
You die...

########## ############
#........#####...........
#........#...............
#.......^#...............
###........#...............
#..........#...............
#.)........'...............
#.....##...#...............
#....(....@r........(......
#...........#.........#....
####........#.........#....
#....................#....
#.........................
#......................#..
##...................†...##
#.................##.......
#.................##.......


You could see a quokka.

Vanquished Creatures
  2 adders (D:2)
  2 dart slugs
  4 ball pythons
  5 endoplasms
  A giant cockroach (D:2)
  5 goblins
  3 hobgoblins (D:1)
  A quokka (D:1)
  4 bats
  5 frilled lizards
  5 kobolds
  8 rats
45 creatures vanquished.

Notes
Turn   | Place    | Note
-------+----------+-------------------------------------------
     0 | D:1      | Karpo the Ogre Venom Mage began the quest for the Orb.
     0 | D:1      | Reached XP level 1. HP: 16/16 MP: 3/3
   665 | D:1      | Reached XP level 2. HP: 23/24 MP: 2/5
   668 | D:1      | Learned a level 2 spell: Poisonous Vapours
  1154 | D:1      | Found a faded altar of an unknown god.
  1260 | D:1      | Reached XP level 3. HP: 31/31 MP: 7/7
  2380 | D:2      | Reached XP level 4. HP: 38/39 MP: 9/9
  2571 | D:2      | Learned a level 3 spell: Mephitic Cloud
  2613 | D:2      | HP: 1/39 [quokka (2)]
  2615 | D:1      | Slain by a quokka

Illustrated notes

Levels and vault maps discovered:
D:1:      evilmike_arrival_rings, layout_basic, ebering_ecumenical_altar_rust
D:2:      layout_rooms, uniq_terence
D:3:      layout_loops_cross, nicolae_overflow_crystal_walls,
          lemuel_doored_altar, serial_glass, glass_columns_a, glass_columns_a,
          minmay_strange_pillars, due_unseen_surprise, item_on_display_a,
          minivault_24

Skill      XL: |  1  2 |
---------------+-------+-----
Poison Magic   | 3 |  3.6
Spellcasting   | 3 |  3.8
Dodging        | |  1.7
Stealth        | |  1.4
Transmutations | |  0.8

Action                   |  1- 3 |  4- 6 || total
-------------------------+-------+-------++-------
Melee: Unarmed           |    20 |       ||    20
       Short sword       |   124 |       ||   124
       Flail             |    17 |    13 ||    30
 Cast: Sting             |    25 |     1 ||    26
       Poisonous Vapours |     3 |     1 ||     4
 Stab: Distracted        |       |     1 ||     1
Armor: Robe              |   118 |     4 ||   122
Dodge: Dodged            |   124 |    20 ||   144
